 Dungeon Crawl Stone Soup version 0.19.1-1-g22dce08 (webtiles) character file.

3052 Exporg the Protected (level 9, 0/80 HPs)
             Began as a Minotaur Berserker on Jan 3, 2017.
             Was a High Priest of Trog.
             Slain by an unseen horror (2 damage)
             ... on level 8 of the Dungeon.
             The game lasted 00:18:21 (6353 turns).

Exporg the Protected (Minotaur Berserker)           Turns: 6353, Time: 00:18:23

Health: 0/80       AC: 14    Str: 24    XL:     9   Next: 57%
Magic:  8/8        EV:  9    Int:  7    God:    Trog [*****.]
Gold:   300        SH:  0    Dex: 11    Spells: 0 memorised, 8 levels left

rFire  . . .     SeeInvis .     J - +4 scimitar (flame)
rCold  . . .     Gourm    .     K - +0 plate armour
rNeg   . . .     Faith    .     (no shield)
rPois  .         Spirit   .     (helmet restricted)
rElec  .         Reflect  .     (no cloak)
rCorr  .         Harm     .     (no gloves)
MR     .....                    (no boots)
Stlth  ..........               (no amulet)
                                f - ring of stealth
                                g - +3 ring of intelligence

@: no status effects
A: retaliatory headbutt, horns 2
a: Berserk, Trog's Hand, Brothers in Arms, Burn Spellbooks, Renounce Religion


You were on level 8 of the Dungeon.
You worshipped Trog.
Trog was extremely pleased with you.
You were not hungry.

You visited 1 branch of the dungeon, and saw 8 of its levels.
You also visited: Sewer.

You collected 300 gold pieces.

Inventory:

Hand Weapons
 a - a +0 hand axe
 v - a +3 whip
 y - a +0 scythe
 B - a +0 long sword
 J - a +4 scimitar of flaming (weapon)
Armour
 b - a +0 animal skin
 l - a +0 ring mail
 q - a +0 ring mail of poison resistance
 u - a +0 chain mail
 K - a +0 plate armour (worn)
 O - a cursed +0 scale mail
Jewellery
 f - a ring of stealth (right hand)
 g - a +3 ring of intelligence (left hand)
 i - an uncursed ring of ice
Wands
 L - a wand of iceblast (5/15)
 N - a wand of paralysis (9/24)
Scrolls
 d - 2 scrolls of fear {unknown}
 e - 6 scrolls of remove curse
 h - 6 scrolls of teleportation {unknown}
 j - 6 scrolls of identify
 n - 2 scrolls of recharging
 s - 3 scrolls of blinking {unknown}
 w - 3 scrolls of fog {unknown}
 x - 4 scrolls of noise {unknown}
 D - 2 scrolls of enchant armour {unknown}
Potions
 c - a potion of experience {unknown}
 k - 2 potions of lignification {unknown}
 m - a potion of beneficial mutation {unknown}
 o - 2 potions of haste {unknown}
 p - 3 potions of curing {unknown}
 r - 2 potions of cancellation {unknown}
 t - a potion of heal wounds {unknown}
 z - a potion of mutation {unknown}
 A - a potion of brilliance {unknown}
 E - a potion of might {unknown}
 M - a potion of magic {unknown}
 P - 2 potions of ambrosia {unknown}
Miscellaneous
 H - a disc of storms
Comestibles
 C - a meat ration
 F - a bread ration
 G - a royal jelly
 I - 24 fruits


   Skills:
 + Level 7.7 Fighting
 + Level 1.7 Long Blades
 + Level 6.9(8.6) Axes
 + Level 7.8(9.0) Maces & Flails
 + Level 9.3 Armour
 + Level 4.9 Dodging
 + Level 1.0 Stealth


You had 8 spell levels left.
You didn't know any spells.

Dungeon Overview and Level Annotations

Branches:
Dungeon (9/15)
 Temple: D:4-7         Lair: D:8-11         Orc: D:9-12

Altars:
Makhleb
Nemelex Xobeh
Xom

Shops:
D:5 *}[(?   D:8 *


Innate Abilities, Weirdness & Mutations

You reflexively headbutt those who attack you in melee.
You have a pair of horns on your head.


Message History

Something hits you but does no damage. Something hits you.
* * * LOW HITPOINT WARNING * * *
Something hits you.
* * * LOW HITPOINT WARNING * * *
You closely miss something. You headbutt something!
Something hits you but does no damage. Something hits you but does no damage.
Something hits you but does no damage. Something hits you.
* * * LOW HITPOINT WARNING * * *
Something hits you but does no damage. Something hits you!
* * * LOW HITPOINT WARNING * * *
You slash something! You burn something. You headbutt something.
Something hits you.
* * * LOW HITPOINT WARNING * * *
Something hits you.
* * * LOW HITPOINT WARNING * * *
Something hits you but does no damage. Something hits you.
You die...

.....#.###.......)).#.####
.....#..............#....#
.....#.###........<.#....#
######..(..#........#....#
#######)...(........#
##.........#....# ##
#..........#....# .###
####.#####.##......# ...##
#....# #@##.._..##
##..###.#### #.###...##
##..#..### #.# #####
####......######.####
#..........##.......#
#......)..[.#.......#
#...........#.......#
#####.......#.......#
##..............#


There were no monsters in sight!

Vanquished Creatures
  Erica (D:8)
  A hippogriff (D:8)
  Sigmund (D:4)
  The ghost of Paps the Sneak, an amateur DsAs (D:3)
  A vampire mosquito (D:8)
  3 ogres
  6 big kobolds (Sewer)
  A bullfrog (D:8)
  2 scorpions
  A killer bee (D:8)
  A howler monkey (D:4)
  A crimson imp (D:9)
  4 hounds
  A bullfrog skeleton (D:4)
  Jessica (D:3)
  Natasha (twice) (D:4)
  2 iguanas (D:4)
  2 orc wizards
  2 worker ants
  Robin (D:3)
  A howler monkey skeleton (D:4)
  A worker ant zombie (D:9)
  3 gnolls (D:8)
  23 adders
  2 river rats (Sewer)
  2 shadow imps
  4 oozes (Sewer)
  3 worms
  An adder skeleton (D:4)
  3 dart slugs
  5 leopard geckos
  8 orcs
  7 ball pythons
  6 bats
  16 giant cockroaches
  19 goblins
  20 hobgoblins
  11 jackals
  14 kobolds
  2 frilled lizards
  A jackal skeleton (D:4)
  A quokka skeleton (D:5)
  11 rats
199 creatures vanquished.

Notes
Turn   | Place    | Note
-------+----------+-------------------------------------------
     0 | D:1      | Exporg the Minotaur Berserker began the quest for the Orb.
     0 | D:1      | Reached XP level 1. HP: 19/19 MP: 0/0
    75 | D:1      | Reached XP level 2. HP: 22/27 MP: 1/1
   154 | D:1      | Reached XP level 3. HP: 26/34 MP: 2/2
   285 | D:1      | Reached ** piety under Trog
   839 | D:2      | Reached XP level 4. HP: 36/41 MP: 3/3
   966 | D:2      | Reached skill level 5 in Axes
  1228 | D:3      | Noticed Paps's ghost (amateur DsAs)
  1242 | D:3      | Killed Paps's ghost
  1242 | D:3      | Reached skill level 5 in Fighting
  1242 | D:3      | Reached skill level 3 in Armour
  1242 | D:3      | Reached XP level 5. HP: 48/48 MP: 4/4
  1317 | D:3      | Reached *** piety under Trog
  1471 | D:3      | Reached XP level 6. HP: 53/56 MP: 5/5
  1558 | D:3      | Noticed Jessica
  1566 | D:3      | Killed Jessica
  1758 | D:3      | Noticed Robin
  1771 | D:3      | Killed Robin
  2095 | D:3      | Reached **** piety under Trog
  2390 | D:4      | Found a glowing drain.
  2558 | Sewer    | Entered a sewer
  2594 | Sewer    | Reached skill level 4 in Armour
  2594 | Sewer    | Reached XP level 7. HP: 42/61 MP: 6/6
  2873 | Sewer    | Reached skill level 1 in Maces & Flails
  2873 | Sewer    | Reached skill level 5 in Armour
  3733 | D:4      | Reached XP level 8. HP: 67/70 MP: 7/7
  3761 | D:4      | Noticed Sigmund
  3771 | D:4      | Killed Sigmund
  3771 | D:4      | Reached skill level 6 in Armour
  3855 | D:4      | Noticed Natasha
  3861 | D:4      | Killed Natasha
  4259 | D:4      | Noticed Natasha
  4262 | D:4      | Killed Natasha
  4262 | D:4      | Reached skill level 5 in Maces & Flails
  4271 | D:4      | Reached skill level 7 in Armour
  4415 | D:5      | Entered Level 5 of the Dungeon
  4457 | D:5      | Reached ***** piety under Trog
  4550 | D:5      | Found Musuc's Gadget Emporium.
  4569 | D:5      | Found Hieheptu's Assorted Antiques.
  4683 | D:5      | Found Qetamiy's Antique Armour Boutique.
  4704 | D:5      | Found Cyqotiomn's Antique Weapon Shop.
  5244 | D:5      | Found Femia's Magic Scroll Shoppe.
  5434 | D:6      | You fall through a shaft for 3 floors!
  5537 | D:9      | Noticed Erica
  5554 | D:8      | Killed Erica
  5554 | D:8      | Reached skill level 8 in Armour
  5554 | D:8      | Reached skill level 1 in Stealth
  5554 | D:8      | Reached XP level 9. HP: 60/79 MP: 8/8
  5780 | D:8      | Reached skill level 9 in Armour
  6096 | D:8      | Reached skill level 1 in Long Blades
  6227 | D:8      | Found Netelury's Assorted Antiques.
  6251 | D:8      | Found a shimmering altar of Xom.
  6258 | D:8      | Found a sparkling altar of Nemelex Xobeh.
  6296 | D:8      | Found a burning altar of Makhleb.
  6353 | D:8      | HP: 2/80 [something (5)]
  6353 | D:8      | Slain by an unseen horror

Skill      XL: |  1  2  3  4  5  6  7  8  9 |
---------------+----------------------------+-----
Fighting       | 4 5 6 7 |  7.7
Axes           | 4 6 |  6.9
Dodging        | 3 4 |  4.9
Armour         | 3 4 5 8 9 |  9.3
Maces & Flails | 3 7 |  7.8
Stealth        | 1 |  1.0
Long Blades    | 1 |  1.7

Action                   |  1- 3 |  4- 6 |  7- 9 || total
-------------------------+-------+-------+-------++-------
Melee: Hand axe          |    81 |   171 |     5 ||   257
       Headbutt          |    12 |    25 |    41 ||    78
       Whip              |       |       |   281 ||   281
       Scimitar          |       |       |    27 ||    27
Invok: Berserk           |     1 |     2 |     2 ||     5
       Burn Spellbooks   |       |       |     1 ||     1
  Use: Scroll            |       |     2 |       ||     2
 Stab: Sleeping          |       |     3 |       ||     3
  Eat: Bread ration      |       |     2 |       ||     2
       Chunk             |       |       |     9 ||     9
       Meat ration       |       |       |     1 ||     1
Armor: Animal skin       |     8 |       |       ||     8
       Ring mail         |     5 |    45 |       ||    50
       Chain mail        |       |    15 |   101 ||   116
       Plate armour      |       |       |    57 ||    57
Dodge: Dodged            |    50 |    99 |   139 ||   288
       Rpst.: Scimitar   |       |       |     4 ||     4
